 Dungeon Crawl Stone Soup version 0.28.0 (webtiles) character file.

Game seed: 12518511985570413815

49 dolemite99 the Chopper (level 3, -7/29 HPs)
             Began as a Demonspawn Fighter on Feb 5, 2022.
             Was an Initiate of Ashenzari.
             Mangled by Sigmund (9 damage)
             ... on level 2 of the Dungeon.
             The game lasted 00:01:19 (1492 turns).

dolemite99 the Chopper (Demonspawn Fighter)         Turns: 1492, Time: 00:01:20

Health: -7/29      AC:  8    Str: 18    XL:     3   Next: 51%
Magic:  3/3        EV:  9    Int:  9    God:    Ashenzari [......]
Gold:   120        SH:  4    Dex: 12    Spells: 2/2 levels left

rFire   . . .      SeeInvis .   a - +0 war axe
rCold   . . .      Faith    .   c - +0 buckler of the Unveiling Secrets {Comp, Evo} (curse)
rNeg    . . .      Spirit   .   b - +0 scale mail
rPois   .          Reflect  .   (helmet restricted)
rElec   .          Harm     .   (no cloak)
rCorr   .          Rampage  .   (no gloves)
Will    .....                   (no boots)
Stlth   ..........              (no amulet)
HPRegen 0.09/turn               (no ring)
MPRegen 0.08/turn               (no ring)

@: mighty
A: horns 1, slimy green scales 1
a: Renounce Religion, Shatter the Chains


You were on level 2 of the Dungeon.
You worshipped Ashenzari.
Ashenzari was noncommittal.
You visited 1 branch of the dungeon, and saw 2 of its levels.

You collected 120 gold pieces.

Inventory:

Hand Weapons
 a - a +0 war axe (weapon)
 i - a -3 spear
 j - a +0 hunting sling
Missiles
 g - 3 javelins (quivered)
Armour
 b - a +0 scale mail (worn)
 c - the cursed +0 buckler of the Unveiling Secrets (worn) {Comp, Evo}

   It has a curse which improves the following skills: Companions: Summonings
   and Necromancy.
   Evocations: Evocations.
Potions
 e - a potion of cancellation {unknown}
 f - a potion of brilliance {unknown}
 h - a potion of curing {unknown}


   Skills:
 - Level 3.0 Fighting
 + Level 3.6 Axes
 - Level 2.6 Armour
 - Level 2.6 Shields


You had 2 spell levels left.
You didn't know any spells.
Your spell library contained the following spells:

 Spells                   Type           Power      Damage    Failure   Level
 Animate Skeleton         Necr           0%         N/A       86%         1
 Pain                     Necr           0%         1d4       86%         1
 Vampiric Draining        Necr           0%         2d6       99%         3


Dungeon Overview and Level Annotations

Branches:
Dungeon (2/15)

Altars:
Ashenzari

Annotations:
D:2 Sigmund


Innate Abilities, Weirdness & Mutations

You have a pair of small horns on your head.
You are partially covered in slimy green scales. (AC +2)


Message History

There is a stone staircase leading up here.
An endoplasm is nearby!
An endoplasm is nearby!
You slash the endoplasm!
You kill the endoplasm!
Sigmund the Dreaded comes into view.
He is wielding a +0 scythe.
Found a glowing dagger and 18 sling bullets.
Found a stone staircase leading down.
Sigmund shouts!
You throw a javelin. The javelin completely misses Sigmund.
Sigmund points at you and mumbles some strange words.
The magic dart hits you. Sigmund casts a spell at you.
You are confused.
You hear a shout!
A giant cockroach comes into view.
A kobold comes into view. It is wielding a +0 short sword.
A hobgoblin comes into view.
You feel very mighty all of a sudden.
Sigmund mumbles some strange words.
Sigmund flickers and vanishes!
Deactivating autopickup; reactivate with Ctrl-A.
An adder comes into view.
There is a stone staircase leading up here.
You feel less confused. Something hits you!
You miss something. The giant cockroach barely misses you.
You closely miss something. You closely miss the kobold.
You slash the giant cockroach!
You kill the giant cockroach!
Something hits you!
The kobold hits you with a +0 short sword.
You slice something!! You slash the kobold!
You kill the kobold!
You hear some strange, mumbled words.
A magic dart appears from out of thin air!
The magic dart hits you!
* * * LOW HITPOINT WARNING * * *
Something hits you!
You die...

#.. #.. ###..
#...#.# #...#.#
#...#.# ≈≈
#..#.# ≈≈≈≈
#.<..# #
≈≈≈)≈##.@..#.#
≈≈.≈....){...#
≈≈≈≈.#...g..##
≈≈≈≈...........#
≈.≈≈..#!.....###
≈.≈≈..........#
≈≈≈≈.....##.#.>#
.≈.≈..#..# .....
≈≈≈≈≈.>.(. ...S.


You could see a hobgoblin.

Vanquished Creatures
  A dart slug (D:1)
  4 ball pythons (D:1)
  7 endoplasms
  3 giant cockroaches
  2 goblins (D:1)
  7 hobgoblins (D:1)
  5 jackals (D:1)
  2 quokkas (D:1)
  A bat (D:1)
  2 frilled lizards (D:1)
  2 kobolds
  3 rats (D:1)
39 creatures vanquished.

Notes
Turn   | Place    | Note
-------+----------+-------------------------------------------
     0 | D:1      | dolemite99 the Demonspawn Fighter began the quest for the
                  | Orb.
     0 | D:1      | Reached XP level 1. HP: 18/18 MP: 1/1
    86 | D:1      | Gained mutation: You have a pair of small horns on your
                  | head. [demonic ancestry]
    86 | D:1      | Reached XP level 2. HP: 15/24 MP: 2/2
   800 | D:1      | Gained mutation: You are partially covered in slimy green
                  | scales. (AC +2) [demonic ancestry]
   800 | D:1      | Reached XP level 3. HP: 22/29 MP: 3/3
   997 | D:1      | Found a faded altar of an unknown god.
  1010 | D:1      | Prayed at the altar of an unknown god.
  1010 | D:1      | Became a worshipper of Ashenzari the Shackled
  1480 | D:2      | Noticed Sigmund
  1492 | D:2      | Mangled by Sigmund

Illustrated notes

Levels and vault maps discovered:
D:1:      beargit_arrival_greenhouse, layout_loops_ring,
          ebering_ecumenical_altar_rust
D:2:      layout_rooms, serial_rivers, chequers_serial_rivers_large_a,
          chequers_serial_rivers_small_3, chequers_serial_rivers_small_b,
          chequers_serial_rivers_micro_c, chequers_serial_rivers_small_a,
          lemuel_another_geyser, uniq_sigmund, uniq_robin

Skill      XL: |  1  2 |
---------------+-------+-----
Axes           | 2 3 |  3.6
Fighting       | |  3.0
Armour         | |  2.6
Shields        | |  2.6

Action                   || total
-------------------------++-------
Melee: War axe           ||    70
       Headbutt          ||     1
Throw: Javelin           ||     7
Invok: Curse Item        ||     1
  Use: Potion            ||     1
Armor: Scale mail        ||    44
Dodge: Dodged            ||    27
Block: Buckler           ||    16
